AoeStats
← Le Tapete

Black Forest

510250663Analyzed
3v3 RM · 1d ago on Sep 30, 2026· 58m 52s· 6 players
Game mode
Random Map
Map size
Normal (6 player)
Population
200
Speed
Normal
Resources
Standard
Victory
Conquest
Starting age
Dark Age
Ending age
Imperial Age
RankedLock teamsTeams togetherTeam positionsShared explorationLock speedFull tech treeHidden civsTurbo modeCheats
Victory
Defeat
🇲🇽 Turks · Mexico
845
+10
🇨🇴 Burgundians · Colombia
819
+11
🇲🇽 Lithuanians · Mexico
789
+12
🇺🇸 Franks · United States
697
-11
🇺🇸 Ethiopians · United States
697
-11
🇺🇸 Khmer · United States
696
-11
Funstein
0:44 Loom
13:33 Feudal Age
19:41 Castle Age
18:31 Stone Mining
18:34 Double-Bit Axe
22:29 Gold Mining
23:07 Bow Saw
26:19 Bloodlines
26:55 Husbandry
30:23 Horse Collar
32:35 Scale Barding Armor
34:56 Wheelbarrow
36:21 Hand Cart
39:06 Imperial Age
40:09 Conscription
39:51 Double Crossbow
39:15 Light Cavalry
43:19 Hussar
43:58 Heavy Scorpion
54:21 Fortified Wall
54:36 Siege Engineers
55:26 Hoardings
Princess Duckling
0:40 Loom
15:06 Feudal Age
21:49 Castle Age
27:16 Imperial Age
27:27 Scale Barding Armor
27:33 Forging
28:43 Stone Mining
28:43 Gold Mining
30:01 Double-Bit Axe
30:40 Chain Barding Armor
30:56 Iron Casting
31:59 Bow Saw
32:14 Herbal Medicine
34:21 Fortified Wall
35:29 Guard Tower
37:42 Block Printing
36:53 Elite Throwing Axeman
40:44 Ordonnance Companies
42:50 Husbandry
44:14 Cavalier
ersinbab
0:32 Loom
14:53 Feudal Age
20:33 Castle Age
19:30 Double-Bit Axe
29:22 Scale Barding Armor
29:26 Thumb Ring
32:19 Chain Barding Armor
32:32 Ballistics
32:24 Husbandry
32:50 Bow Saw
32:25 Horse Collar
33:37 Padded Archer Armor
33:35 Fletching
45:19 Imperial Age
43:31 Wheelbarrow
44:53 Squires
44:39 Arson
45:20 Halberdier
46:53 Heavy Scorpion
55:56 Hand Cart
Le Tapete
14:21 Feudal Age
18:18 Padded Archer Armor
18:08 Fletching
21:22 Castle Age
19:08 Loom
19:32 Double-Bit Axe
19:54 Horse Collar
22:00 Wheelbarrow
21:11 Town Watch
22:44 Heavy Plow
23:06 Bow Saw
31:30 Imperial Age
29:18 Hand Cart
30:04 Town Patrol
31:10 Caravan
31:12 Stone Mining
31:12 Gold Mining
31:34 Fortified Wall
31:46 Ballistics
31:16 Heated Shot
33:18 Coinage
33:13 Guilds
34:46 Banking
36:34 Sipahi
35:46 Sappers
36:30 Squires
36:18 Arson
38:32 Scale Mail Armor
38:43 Forging
39:52 Hoardings
39:28 Thumb Ring
40:01 Parthian Tactics
41:15 Iron Casting
40:56 Chain Mail Armor
40:49 Scale Barding Armor
41:24 Leather Archer Armor
41:08 Bodkin Arrow
41:17 Heavy Cavalry Archer
42:44 Artillery
43:08 Bloodlines
43:02 Husbandry
44:12 Gold Shaft Mining
45:14 Conscription
47:26 Elite Janissary
49:16 Plate Mail Armor
49:47 Blast Furnace
48:56 Bracer
49:27 Ring Archer Armor
49:19 Chain Barding Armor
50:55 Cavalier
50:55 Heavy Camel Rider
56:10 Plate Barding Armor
55:58 Bombard Tower
55:23 Arrowslits
55:29 Guard Tower
55:34 Murder Holes
55:20 Treadmill Crane
55:50 Masonry
56:03 Shipwright
andy uchiha
0:31 Loom
1:41 Wheelbarrow
14:44 Feudal Age
16:26 Hand Cart
21:28 Castle Age
21:36 Stone Mining
21:30 Horse Collar
21:39 Double-Bit Axe
36:19 Scale Barding Armor
36:28 Forging
36:19 Scale Mail Armor
43:16 Imperial Age
41:25 Chain Barding Armor
41:20 Chain Mail Armor
41:41 Iron Casting
44:13 Coinage
43:52 Caravan
45:07 Chemistry
44:58 Plate Barding Armor
49:44 Conscription
49:31 Burgundian Vineyards
50:12 Cavalier
50:52 Husbandry
51:49 Elite Coustillier
52:30 Pikeman
53:11 Squires
52:56 Arson
58:37 Flemish Revolution
kingferra
1:36 Loom
12:01 Feudal Age
19:47 Castle Age
19:19 Double-Bit Axe
19:21 Horse Collar
28:51 Wheelbarrow
28:31 Scale Barding Armor
36:51 Imperial Age
36:58 Pikeman
48:21 Bloodlines
47:32 Light Cavalry
49:56 Elite Skirmisher
Connection lost

Rejoining the realm…

Still unreachable

The connection could not be restored.

Session expired

The server has moved on; the page needs a fresh start.